[Event "fics rated crazyhouse match"]
[Site "fics, Oklahoma City, OK USA"]
[Date "2000.10.09"]
[White "liveZ"]
[WhiteElo "2462"]
[Black "ronenl"]
[BlackElo "2141"]
[TimeControl "60+0"]
[Result "0-1"]

1. e4 e6 2. d4 d5 3. exd5 exd5 4. Nf3 Nc6 5. Bb5 Qe7+ 6. P@e5 
Bg4 7. Nc3 Rd8 8. O-O P@e4 9. Be2 exf3 10. Bxf3 Bxf3 11. Qxf3 Nxd4 
12. Qd3 Nc6 13. Nxd5 Qxe5 14. Bf4 Qxd5 15. Qxd5 Rxd5 16. Rae1+ P@e5 17. B@h3 
P@e6 18. Bxe5 Nxe5 19. Rxe5 Rxe5 20. Q@c8+ R@d8 21. P@d7+ Ke7 22. Qxd8+ Kxd8 
23. P@a6 N@e2+ 24. Kh1 N@e4 25. R@f3 Q@b6 26. axb7 Qxb7 27. P@c6 Qb6 28. Bxe6 
Ke7 29. N@f5+ Kxe6 30. d8=Q Rxf5 31. Qd7+ Kf6 32. Qxf5+ Ke7 
{liveZ forfeits on time} 0-1

[Event "fics rated crazyhouse match"]
[Site "fics, Oklahoma City, OK USA"]
[Date "2000.10.09"]
[White "ronenl"]
[WhiteElo "2155"]
[Black "liveZ"]
[BlackElo "2443"]
[TimeControl "60+0"]
[Result "1-0"]

1. e4 e6 2. Nc3 Nc6 3. d4 Bb4 4. a3 Bxc3+ 5. bxc3 Nf6 6. e5 
Ne4 7. Qg4 N@g5 8. B@h4 h5 9. Qf4 d6 10. Bxg5 Nxg5 11. Qxg5 Qxg5 
12. Bxg5 dxe5 13. Bb5 P@d2+ 14. Kf1 B@e7 15. Bxc6+ bxc6 16. Bxe7 Ba6+ 17. N@d3 
Q@c1+ 18. Q@d1 Qxa1 19. Qxa1 R@c1+ 20. Q@d1 Rxd1+ 21. Qxd1 B@c1 22. Nf3 e4 
23. N@e5 exf3 24. B@d7+ Kxe7 25. Nxc6+ Kxd7 26. N@e5+ Ke8 27. P@d7+ Kf8 28. R@e8+ 
Rxe8 29. dxe8=Q+ Kxe8 30. R@d8# 
{liveZ checkmated} 1-0

[Event "fics rated crazyhouse match"]
[Site "fics, Oklahoma City, OK USA"]
[Date "2000.10.09"]
[White "liveZ"]
[WhiteElo "2424"]
[Black "ronenl"]
[BlackElo "2168"]
[TimeControl "60+0"]
[Result "1-0"]

1. e4 e6 2. d4 d5 3. e5 c5 4. dxc5 Bxc5 5. P@d6 Nc6 6. Bb5 
P@c7 7. dxc7 Qxc7 8. P@d6 Bxd6 9. exd6 Qxd6 10. Nf3 P@f6 11. Nc3 Bd7 
12. Bxc6 Bxc6 13. N@e4 Qd7 14. Nc5 Qe7 15. B@a3 B@d6 16. Be3 P@b6 17. O-O 
bxc5 18. Bexc5 Bxc5 19. Bxc5 Qxc5 20. B@a3 P@b4 21. Bxb4 Qxb4 22. Nd4 B@e5 
23. Nxc6 bxc6 24. P@b7 Qxb7 25. B@g3 Bxg3 26. hxg3 N@e5 27. B@f4 B@d6 28. Bxe5 
Bxe5 29. N@c5 Qxb2 30. P@d7+ Kf8 31. N3a4 Qb4 32. c3 B@b5 33. cxb4 P@e2 
34. Q@c8+ B@d8 35. Qxa8 g6 36. Qxd8# 
{ronenl resigns} 1-0

[Event "fics rated crazyhouse match"]
[Site "fics, Oklahoma City, OK USA"]
[Date "2000.10.09"]
[White "pminear"]
[WhiteElo "2472"]
[Black "jtp"]
[BlackElo "2226"]
[TimeControl "120+0"]
[Result "0-1"]

1. e4 Nf6 2. Nc3 d5 3. exd5 Nxd5 4. d4 e6 5. Bd3 Bb4 6. Bd2 
Qe7 7. Nf3 Bxc3 8. bxc3 N@f4 9. Rg1 f6 10. c4 Nxd3+ 11. cxd3 B@b2 
12. cxd5 exd5+ 13. P@e3 Bxa1 14. Qxa1 P@e4 15. B@a4+ Bd7 16. Bxd7+ Nxd7 17. N@f5 
exf3 18. Nxe7 N@c2+ 19. Kd1 Nxa1 20. B@f7+ Kxf7 21. B@e6+ Kxe6 22. N@f4+ Kxe7 
23. Bb4+ Kd8 
{pminear resigns} 0-1

[Event "fics rated crazyhouse match"]
[Site "fics, Oklahoma City, OK USA"]
[Date "2000.10.09"]
[White "jtp"]
[WhiteElo "2239"]
[Black "pminear"]
[BlackElo "2459"]
[TimeControl "120+0"]
[Result "1-0"]

1. e4 e5 2. Nf3 Nc6 3. Bc4 Bc5 4. c3 Nf6 5. d4 exd4 6. cxd4 
Bxd4 7. O-O P@e5 8. P@d5 Nxe4 9. dxc6 Bxf2+ 10. Rxf2 Nxf2 11. Bxf7+ Kxf7 
12. Nxe5+ Kf8 13. Qf3+ R@f6 14. N@g6+ hxg6 15. Nxg6+ Kg8 16. B@d5+ P@e6 17. P@f7+ 
Rxf7 18. Qxf7+ Kxf7 19. Ne5+ Kf8 20. R@f7+ Kg8 21. Rxf2 Q@e1+ 22. N@f1 B@f6 
23. P@f7+ Kf8 24. Ng6+ Kxf7 25. Nxh8+ Qxh8 26. R@f3 N@e2+ 27. Rxe2 Qxe2 28. Nc3 
Qe5 29. cxd7 P@f2+ 30. Rxf2 Bxd7 31. N@g5+ Ke7 32. Bxe6 Bxe6 33. Bf4 Qxg5 
34. Bxg5 Bxg5 35. Q@g3 
{pminear forfeits on time} 1-0

[Event "fics rated crazyhouse match"]
[Site "fics, Oklahoma City, OK USA"]
[Date "2000.10.09"]
[White "pminear"]
[WhiteElo "2447"]
[Black "jtp"]
[BlackElo "2251"]
[TimeControl "120+0"]
[Result "1-0"]

1. e4 Nf6 2. e5 Ne4 3. Nc3 Nxf2 4. Kxf2 Nc6 5. d4 d6 6. exd6 
cxd6 7. d5 Ne5 8. Nf3 Ng4+ 9. Ke2 e6 10. N@e3 exd5 11. Ncxd5 P@c6 
12. Nf4 P@e4 13. Nd4 P@e5 14. P@e6 Nxe3 15. exf7+ Kxf7 16. P@e6+ Bxe6 17. Ndxe6 
Qe7 18. Bxe3 exf4 19. N@g5+ Ke8 20. P@f7+ Kd7 21. Nc5+ Kc8 22. B@f5+ Kb8 
23. Nd7+ Kc7 24. Ne6+ Kxd7 25. Nxf8+ Kc7 26. Ne6+ Kb8 27. B@c7+ Kc8 28. Bxd6 
f3+ 29. Ke1 
{jtp forfeits on time} 1-0

[Event "fics rated crazyhouse match"]
[Site "fics, Oklahoma City, OK USA"]
[Date "2000.10.09"]
[White "jtp"]
[WhiteElo "2247"]
[Black "pminear"]
[BlackElo "2451"]
[TimeControl "120+0"]
[Result "1-0"]

1. e4 e5 2. Nf3 Nc6 3. Bc4 Bc5 4. c3 Nf6 5. d4 exd4 6. cxd4 
Bxd4 7. O-O P@e5 8. P@d5 Nxe4 9. dxc6 Bxf2+ 10. Rxf2 Nxf2 11. Bxf7+ Kxf7 
12. Nxe5+ Kf8 13. B@c5+ P@d6 14. N@g6+ hxg6 15. Nxg6+ Kg8 16. Bxf2 R@f6 17. P@e7 
Qe8 18. Nxh8 Qxe7 19. P@f7+ Rxf7 20. Nxf7 Qxf7 21. P@h7+ Kf8 22. R@g8+ Ke7 
23. N@d5+ Ke6 24. R@e8+ P@e7 25. Rxe7+ Qxe7 26. Nxe7 B@c4 27. Qg4+ Kxe7 28. Q@f8# 
{pminear checkmated} 1-0

[Event "fics rated crazyhouse match"]
[Site "fics, Oklahoma City, OK USA"]
[Date "2000.10.09"]
[White "pminear"]
[WhiteElo "2439"]
[Black "jtp"]
[BlackElo "2259"]
[TimeControl "120+0"]
[Result "0-1"]

1. e4 Nf6 2. Nc3 d5 3. exd5 Nxd5 4. d4 e6 5. Bd3 Bb4 6. Bd2 
Qe7 7. Nf3 Bxc3 8. bxc3 N@f4 9. B@f1 Nc6 10. P@e4 Nxd3+ 11. Bxd3 B@g4 
12. exd5 exd5+ 13. Qe2 P@e4 14. Bb5 exf3 15. Qxe7+ Kxe7 16. N@e3 Q@e4 17. N@c5 
fxg2 18. Nxe4 gxh1=Q+ 19. Q@f1 Qxe4 20. Bd3 N@f3+ 21. Kd1 Nxd2+ 22. Kxd2 N@f3+ 
23. Kc1 B@a3+ 24. N@b2 P@d2# 
{pminear resigns} 0-1

[Event "fics rated crazyhouse match"]
[Site "fics, Oklahoma City, OK USA"]
[Date "2000.10.09"]
[White "jtp"]
[WhiteElo "2271"]
[Black "pminear"]
[BlackElo "2427"]
[TimeControl "120+0"]
[Result "1-0"]

1. e4 e5 2. Nf3 Nc6 3. Bc4 Bc5 4. c3 Nf6 5. d4 exd4 6. cxd4 
Bxd4 7. O-O P@e5 8. P@d5 P@g4 9. Ng5 Na5 10. Be2 d6 11. Qa4+ c6 
12. Bd2 Bxb2 13. Bxa5 P@b6 14. Bc3 Bxc3 15. Nxc3 B@d2 16. dxc6 Bxg5 17. cxb7+ 
Bd7 18. bxa8=Q O-O 19. Qxd8 Rxd8 20. P@e7 Re8 21. R@f8+ Rxf8 22. exf8=Q+ Kxf8 
23. P@e7+ Kxe7 24. N@d5+ Nxd5 25. Nxd5+ Kf8 26. Qxd7 R@e8 27. Qxe8+ Kxe8 28. N@c7+ 
Kd7 29. Q@e8# 
{pminear checkmated} 1-0

[Event "fics rated crazyhouse match"]
[Site "fics, Oklahoma City, OK USA"]
[Date "2000.10.09"]
[White "pminear"]
[WhiteElo "2416"]
[Black "jtp"]
[BlackElo "2282"]
[TimeControl "120+0"]
[Result "0-1"]

1. e4 Nf6 2. Nc3 d5 3. exd5 Nxd5 4. Nxd5 Qxd5 5. d4 Nc6 6. Nf3 
e5 7. N@e3 Qa5+ 8. Bd2 P@b4 9. Nc4 Qd5 10. Ncxe5 Nxd4 11. Nxd4 Qxd4 
12. Qe2 N@e4 13. Nf3 Qxf2+ 14. Qxf2 Nxf2 15. N@d5 Q@e6+ 16. Q@e5 Qxe5+ 17. Nxe5 
Q@e4+ 18. Q@e3 Qxd5 19. Bc4 Nxh1 20. Bxd5 P@f2+ 21. Qxf2 R@e7 22. Qxf7+ Kd8 
23. Qxe7+ Bxe7 24. Nf7+ Ke8 25. Nd6+ Kd8 26. Nf7+ Ke8 27. Nd6+ Kd8 28. P@f7 
{pminear forfeits on time} 0-1

[Event "fics rated crazyhouse match"]
[Site "fics, Oklahoma City, OK USA"]
[Date "2000.10.09"]
[White "fermy"]
[WhiteElo "2206"]
[Black "pminear"]
[BlackElo "2405"]
[TimeControl "180+0"]
[Result "1-0"]

1. e4 e5 2. Nf3 Nc6 3. Bc4 Bc5 4. Nc3 Nf6 5. d3 O-O 6. O-O 
d6 7. Bg5 Be6 8. Nd5 Bxd5 9. Bxd5 Nxd5 10. exd5 Ne7 11. Bxe7 Qxe7 
12. N@f5 Qd7 13. Nxg7 Kxg7 14. N@h5+ Kh6 15. B@g7+ Kxh5 16. Nxe5+ B@g4 17. Nxg4 
Qd8 18. Ne5# 
{pminear resigns} 1-0

[Event "fics rated crazyhouse match"]
[Site "fics, Oklahoma City, OK USA"]
[Date "2000.10.09"]
[White "pminear"]
[WhiteElo "2393"]
[Black "fermy"]
[BlackElo "2218"]
[TimeControl "180+0"]
[Result "1-0"]

1. e4 e5 2. Nf3 Nc6 3. Bc4 Bc5 4. Nc3 Nf6 5. d3 d6 6. O-O 
O-O 7. Bg5 Bg4 8. Nd5 Nxd5 9. Bxd8 Nf4 10. Bxc7 Bxf3 11. Qxf3 Nd4 
12. Qg4 N@h6 13. Qxg7+ Kxg7 14. Q@g5+ Ng6 15. B@f6+ Kg8 16. Qxh6 N@e8 17. P@g7 
Nxf6 18. gxf8=Q+ Rxf8 19. R@g7+ Kh8 20. Rxh7+ Nxh7 21. P@g7+ Kg8 22. gxf8=Q+ Ngxf8 
23. N@e7# 
{fermy resigns} 1-0

[Event "fics rated crazyhouse match"]
[Site "fics, Oklahoma City, OK USA"]
[Date "2000.10.09"]
[White "fermy"]
[WhiteElo "2214"]
[Black "pminear"]
[BlackElo "2397"]
[TimeControl "180+0"]
[Result "0-1"]

1. e4 e5 2. Nf3 Nc6 3. Bc4 Bc5 4. Nc3 Nf6 5. d3 O-O 6. O-O 
d6 7. Bg5 Bg4 8. Nd5 Nxd5 9. Bxd8 Nf4 10. Bxc7 Nd4 11. P@h6 Bxf3 
12. gxf3 N@h3+ 13. Kh1 gxh6 14. Rg1+ P@g2+ 15. Rxg2+ Nxg2 16. B@f6 Nxf2+ 17. Kxg2 
N@e3+ 18. Kg3 R@g2+ 19. Kh4 Ndf5# 
{fermy resigns} 0-1

[Event "fics rated crazyhouse match"]
[Site "fics, Oklahoma City, OK USA"]
[Date "2000.10.09"]
[White "pminear"]
[WhiteElo "2401"]
[Black "fermy"]
[BlackElo "2210"]
[TimeControl "180+0"]
[Result "1-0"]

1. e4 e5 2. Nf3 Nc6 3. Bc4 Bc5 4. Nc3 Nf6 5. d3 d6 6. O-O 
O-O 7. Nd5 Nxd5 8. Bxd5 Nd4 9. Nxd4 Bxd4 10. c3 Bb6 11. N@h5 N@e8 
12. Nxg7 Nxg7 13. N@h6+ Kh8 14. Nxf7+ Rxf7 15. Bxf7 N@g4 16. P@h6 Nxf2 17. hxg7+ 
Kxg7 18. N@h5+ Kxf7 19. Qf3+ P@f5 20. R@g7+ Kf8 21. Rxf2 Bxf2+ 22. Qxf2 R@d1+ 
23. B@f1 N@g4 24. Rxg4 B@b6 25. P@g7# 
{fermy resigns} 1-0

[Event "fics rated crazyhouse match"]
[Site "fics, Oklahoma City, OK USA"]
[Date "2000.10.09"]
[White "fermy"]
[WhiteElo "2206"]
[Black "pminear"]
[BlackElo "2405"]
[TimeControl "180+0"]
[Result "1-0"]

1. e4 e5 2. Nf3 Nc6 3. Bc4 Bc5 4. Nc3 Nf6 5. d3 O-O 6. O-O 
d6 7. Bg5 Bg4 8. Nd5 Nxd5 9. Bxd8 Nf4 10. Bg5 N@h3+ 11. gxh3 Nxh3+ 
12. Kh1 Bxf3+ 13. Qxf3 Nxg5 14. Qg3 B@f4 15. B@f6 gxf6 16. Bxf7+ Rxf7 17. N@h6+ 
Kf8 18. Qxg5 B@f3+ 19. P@g2 Bxg2+ 20. Qxg2 Bxh6 21. Q@g8+ Ke7 22. N@d5+ Kd7 
23. Qxf7+ Kc8 24. B@d7+ Kb8 25. R@c8# 
{pminear checkmated} 1-0

[Event "fics rated crazyhouse match"]
[Site "fics, Oklahoma City, OK USA"]
[Date "2000.10.09"]
[White "pminear"]
[WhiteElo "2393"]
[Black "fermy"]
[BlackElo "2218"]
[TimeControl "180+0"]
[Result "1-0"]

1. e4 e5 2. Nf3 Nc6 3. Bc4 Bc5 4. O-O Nf6 5. Nc3 d6 6. d3 
O-O 7. Nd5 Nxd5 8. Bxd5 Nd4 9. Nxd4 Bxd4 10. N@h5 N@e8 11. Nxg7 Kxg7 
12. Qh5 N@b6 13. Qh6+ Kg8 14. P@g7 Nxg7 15. N@f6+ Qxf6 16. Qxf6 N@g4 17. Qxg7+ 
Kxg7 18. N@h5+ Kg6 19. Q@g5# 
{fermy checkmated} 1-0

[Event "fics rated crazyhouse match"]
[Site "fics, Oklahoma City, OK USA"]
[Date "2000.10.09"]
[White "fermy"]
[WhiteElo "2214"]
[Black "pminear"]
[BlackElo "2397"]
[TimeControl "180+0"]
[Result "0-1"]

1. e4 e5 2. Nf3 Nc6 3. Bc4 Bc5 4. Nc3 Nf6 5. O-O O-O 6. d3 
d6 7. Bg5 Bg4 8. Nd5 Nxd5 9. Bxd8 Nf4 10. Bg5 N@e2+ 11. Kh1 Bxf3 
12. gxf3 N@h3 13. Bxf4 Nexf4 14. B@g2 Nxf2+ 15. Rxf2 Bxf2 16. N@f5 B@f6 17. N@g4 
Bg5 18. Nxf2 Nxg2 19. Nh3 Ne3 20. Qe2 P@g2+ 21. Qxg2 Nxg2 22. Nxg5 R@g6 
23. Ne7+ Nxe7 
{fermy resigns} 0-1

[Event "fics rated crazyhouse match"]
[Site "fics, Oklahoma City, OK USA"]
[Date "2000.10.09"]
[White "pminear"]
[WhiteElo "2401"]
[Black "fermy"]
[BlackElo "2210"]
[TimeControl "180+0"]
[Result "0-1"]

1. e4 e5 2. Nf3 Nc6 3. Bc4 Bc5 4. Nc3 Nf6 5. d3 d6 6. O-O 
O-O 7. Nd5 Nxd5 8. Bxd5 Nd4 9. Nxd4 Bxd4 10. N@h5 N@e8 11. Nxg7 Kxg7 
12. Qh5 N@f4 13. Bxf4 exf4 14. N@g4 B@g6 15. Qh6+ Kg8 16. P@f5 Bcxf5 17. exf5 
Bxf5 18. Bxf7+ Rxf7 19. P@e6 Rg7 20. B@f7+ Kh8 21. Qxg7+ Nxg7 22. R@g8+ Qxg8 
23. Bxg8 N@g5 24. Nh6 Bxe6 25. Bxe6 N7xe6 26. N@f7+ Nxf7 27. Nxf7+ Kg7 28. B@h6+ 
Kxf7 29. Rfe1 N@h3+ 30. gxh3 N@f3+ 31. Kh1 P@g2+ 32. Kxg2 Nh4+ 33. Kf1 Q@g2+ 
34. Ke2 Qxf2+ 35. Kd1 B@f3+ 36. Kc1 Qxe1+ 37. N@d1 Qxd1# 
{pminear checkmated} 0-1

[Event "fics rated crazyhouse match"]
[Site "fics, Oklahoma City, OK USA"]
[Date "2000.10.09"]
[White "fermy"]
[WhiteElo "2222"]
[Black "pminear"]
[BlackElo "2389"]
[TimeControl "180+0"]
[Result "0-1"]

1. e4 e5 2. Nf3 Nc6 3. Bc4 Bc5 4. Nc3 Nf6 5. O-O O-O 6. d3 
d6 7. Bg5 Bg4 8. Nd5 Nxd5 9. Bxd8 Nf4 10. Bg5 N@e2+ 11. Kh1 Bxf3 
12. gxf3 N@h3 13. Bxf4 Nexf4 14. B@g2 B@g6 15. N@h4 Nxf2+ 16. Rxf2 Bxf2 17. Nxg6 
hxg6 18. N@g5 R@h5 19. B@h7+ Kh8 20. h3 N@g3+ 21. Kh2 Rxg5 22. Bxg6 Rxg6 
23. Bxf7 Rxf7 24. P@f5 B@g1+ 25. Qxg1 Bxg1+ 26. Rxg1 N@f1+ 27. Rxf1 Nxf1+ 28. Bxf1 
Q@g1# 
{fermy checkmated} 0-1

[Event "fics rated crazyhouse match"]
[Site "fics, Oklahoma City, OK USA"]
[Date "2000.10.09"]
[White "pminear"]
[WhiteElo "2393"]
[Black "fermy"]
[BlackElo "2218"]
[TimeControl "180+0"]
[Result "1-0"]

1. e4 e5 2. Nf3 Nc6 3. Bc4 Bc5 4. Nc3 Nf6 5. O-O O-O 6. d3 
d6 7. Nd5 Nxd5 8. Bxd5 Nd4 9. Nxd4 Bxd4 10. N@g5 N@h6 11. c3 Bb6 
12. Nxf7 Rxf7 13. Bxh6 gxh6 14. Bxf7+ Kxf7 15. P@f5 N@f4 16. N@h5 N@e2+ 17. Kh1 
B@h3 18. R@g7+ Kf8 19. Nxf4 Nxf4 20. N@h5 N@e2 21. Nxf4 Nxf4 22. N@h5 N@e2 
23. N@e3 Nxh5 24. Qxe2 Nxg7 25. gxh3 N@f4 26. Qf3 Bxe3 27. fxe3 B@g2+ 28. Qxg2 
Nxg2 29. B@f3 Nxe3 30. N@e6+ Bxe6 31. fxe6 Nxf1 32. Rxf1 N@e3 33. Rf2 R@e1+ 
34. B@g1 Rxg1+ 35. Kxg1 Q@e1+ 36. R@f1 N@e2+ 37. Bxe2+ Qxf2+ 38. Rxf2+ R@f6 39. Rxf6+ 
Qxf6 40. N@d7+ Ke7 41. N@d5+ Kd8 42. R@f8# 
{fermy forfeits on time} 1-0

[Event "fics rated crazyhouse match"]
[Site "fics, Oklahoma City, OK USA"]
[Date "2000.10.10"]
[White "liveZ"]
[WhiteElo "2411"]
[Black "Fudpucker"]
[BlackElo "2102"]
[TimeControl "120+0"]
[Result "1-0"]

1. e4 e6 2. d4 Nc6 3. Nf3 Nf6 4. Bg5 Be7 5. Nc3 d6 6. Bd3 
O-O 7. O-O h6 8. Bh4 Bd7 9. e5 Nd5 10. Bxe7 Qxe7 11. Nxd5 exd5 
12. N@h5 B@f5 13. B@f6 gxf6 14. exf6 Qd8 15. Bxf5 Bxf5 16. P@e7 Nxe7 17. fxe7 
Qxe7 18. N@f6+ Qxf6 19. Nxf6+ Kg7 20. Nh5+ Kg6 21. Ne5+ dxe5 22. Q@f6+ Kh7 
23. Qg7# 
{Fudpucker checkmated} 1-0

[Event "fics rated crazyhouse match"]
[Site "fics, Oklahoma City, OK USA"]
[Date "2000.10.10"]
[White "Fudpucker"]
[WhiteElo "2100"]
[Black "liveZ"]
[BlackElo "2414"]
[TimeControl "120+0"]
[Result "0-1"]

1. e4 Nf6 2. Nc3 e6 3. d4 Bb4 4. Bd3 Nc6 5. Nf3 d5 6. e5 
Ne4 7. Bd2 Nxd2 8. Qxd2 Bxc3 9. bxc3 N@e4 10. Bxe4 dxe4 11. Ng5 B@h6 
12. h4 Nxe5 13. B@b5+ P@c6 14. Be2 Bxg5 15. hxg5 N@c4 16. Bxc4 Nxc4 17. N@h5 
Nxd2 18. Nxg7+ Kf8 19. B@h6 B@f3 20. Nf5+ B@g7 21. Bxg7+ Ke8 22. Ng3 Bxg2 
23. N@f6+ Qxf6 24. Bxf6 Nf3+ 25. Ke2 Q@d2# 
{Fudpucker checkmated} 0-1

[Event "fics rated crazyhouse match"]
[Site "fics, Oklahoma City, OK USA"]
[Date "2000.10.10"]
[White "liveZ"]
[WhiteElo "2417"]
[Black "Fudpucker"]
[BlackElo "2098"]
[TimeControl "120+0"]
[Result "1-0"]

1. e4 e6 2. d4 Nc6 3. Nf3 Nf6 4. Bg5 Be7 5. Nc3 d6 6. Bd3 
O-O 7. O-O Bd7 8. e5 Nd5 9. Bxe7 Qxe7 10. Ne4 B@g6 11. B@h4 f6 
12. exf6 gxf6 13. Nxf6+ Nxf6 14. Bxg6 hxg6 15. P@e5 dxe5 16. dxe5 P@g7 17. P@h6 
Nxe5 18. Nxe5 B@h5 19. P@f3 gxh6 20. Nxd7 P@g5 21. Nxf6+ Qxf6 22. N@e4 Qf5 
23. N@e7+ Kh7 24. Nxf5 Rxf5 25. Qd7+ N@g7 26. B@f6 Rg8 27. Bhxg5 N@e2+ 28. Kh1 
Bxf3 29. B@h3 P@g4 30. Bxg7 N@b6 31. N@f6+ Rxf6 32. Nxf6# 
{Fudpucker checkmated} 1-0

[Event "fics rated crazyhouse match"]
[Site "fics, Oklahoma City, OK USA"]
[Date "2000.10.10"]
[White "spurs"]
[WhiteElo "2269"]
[Black "liveZ"]
[BlackElo "2393"]
[TimeControl "180+0"]
[Result "0-1"]

1. d4 e6 2. Nf3 Nc6 3. Bg5 Be7 4. Bxe7 Ngxe7 5. e4 d5 6. Nc3 
B@b4 7. exd5 Nxd5 8. Bb5 P@a3 9. Bxc6+ bxc6 10. P@d2 axb2 11. Rb1 Ba6 
12. B@e2 Bxe2 13. Qxe2 Bxc3 14. dxc3 Nxc3 15. B@b7 Nxe2 16. Bxc6+ P@d7 17. Bxa8 
Nf4 18. B@a6 B@a5+ 19. P@d2 Nxg2+ 20. Kf1 Nf4 21. Ne5 P@g2+ 22. Bxg2 Nxg2 
23. P@c6 dxc6 24. R@c8 Qxc8 25. Bxc8 P@e2+ 26. Kxg2 B@d5+ 27. f3 N@f4+ 28. Kf2 
P@e3+ 29. Kxe3 Ng2+ 30. Kf2 B@h4+ 31. P@g3 O-O 32. N@h5 e1=Q+ 33. Rbxe1 R@h6 
34. N@f6+ Bxf6 
{spurs forfeits on time} 0-1

[Event "fics rated crazyhouse match"]
[Site "fics, Oklahoma City, OK USA"]
[Date "2000.10.10"]
[White "liveZ"]
[WhiteElo "2400"]
[Black "spurs"]
[BlackElo "2264"]
[TimeControl "180+0"]
[Result "1-0"]

1. e4 e6 2. d4 d5 3. exd5 exd5 4. Nf3 Bb4+ 5. P@c3 Qe7+ 6. Qe2 
Ba5 7. Bg5 P@f6 8. Bf4 Nd7 9. Nbd2 Qxe2+ 10. Bxe2 Ne7 11. Nb3 Bb6 
12. Bb5 O-O 13. Bxd7 Bxd7 14. Q@h5 B@g6 15. Qh4 Nf5 16. Qh3 Q@e4+ 17. N@e2 
Nxd4 18. Nbxd4 Bxh3 19. N@g3 Qxc2 20. Nxc2 Bxc2 21. gxh3 Bxf2+ 22. Kxf2 N@d3+ 
23. Ke3 Q@f2+ 24. Kd2 Nxf4 25. Kxc2 Qxf3 26. Nxf4 Qxf4 27. B@d3 N@e3+ 28. Kb1 
N@d2+ 29. Kc1 Ndc4 30. B@d2 Qf3 31. B@e2 Qxh1+ 32. N@e1 Qxh2 33. Bxh7+ Kh8 
34. Bhd3 Qxh3 35. P@b3 Nxd2 36. Kxd2 Ng4 37. N@f5 P@e3+ 38. Nxe3 Nxe3 39. P@h6 
N@c4+ 40. bxc4 Nxc4+ 41. Bxc4 P@e3+ 42. Kd1 R@d2+ 43. Kc1 
{spurs forfeits on time} 1-0

[Event "fics rated crazyhouse match"]
[Site "fics, Oklahoma City, OK USA"]
[Date "2000.10.11"]
[White "liveZ"]
[WhiteElo "2364"]
[Black "Fudpucker"]
[BlackElo "2159"]
[TimeControl "120+0"]
[Result "0-1"]

1. e4 e6 2. Nf3 Nc6 3. Nc3 Nf6 4. d4 Bb4 5. Bd3 d5 6. e5 
Ne4 7. Bd2 Nxf2 8. Kxf2 Nxd4 9. Nxd4 Qh4+ 10. N@g3 Qxd4+ 11. Be3 N@g4+ 
12. Kf1 Nxe3+ 13. Ke2 Nxd1 14. Raxd1 Q@f2# 
{liveZ checkmated} 0-1

[Event "fics rated crazyhouse match"]
[Site "fics, Oklahoma City, OK USA"]
[Date "2000.10.11"]
[White "Fudpucker"]
[WhiteElo "2171"]
[Black "liveZ"]
[BlackElo "2352"]
[TimeControl "120+0"]
[Result "0-1"]

1. e4 e6 2. d4 Nc6 3. Nf3 Nf6 4. Bd3 d6 5. O-O Be7 6. Re1 
e5 7. d5 Nd4 8. c3 Nxf3+ 9. Qxf3 Bg4 10. Qg3 h5 11. Bg5 N@f4 
12. Bxf4 exf4 13. Qxf4 B@e5 14. Qd2 h4 15. P@f4 h3 16. fxe5 dxe5 17. N@g5 
hxg2 18. Nxf7 Kxf7 19. N@g5+ Kf8 20. B@e6 Bxe6 21. Nxe6+ Ke8 22. P@f7+ Kd7 
23. Nxd8 Kxd8 24. Be2 N@h3+ 25. Kxg2 N@f4+ 26. Kg3 N6h5+ 27. Bxh5 Nxh5+ 28. Kxh3 
Nf4+ 29. Kg4 B@h5+ 30. Kg3 P@h4# 
{Fudpucker checkmated} 0-1

[Event "fics rated crazyhouse match"]
[Site "fics, Oklahoma City, OK USA"]
[Date "2000.10.11"]
[White "liveZ"]
[WhiteElo "2356"]
[Black "Fudpucker"]
[BlackElo "2167"]
[TimeControl "120+0"]
[Result "1-0"]

1. e4 e6 2. d4 Nc6 3. Nf3 Nf6 4. Bd3 d6 5. O-O Be7 6. e5 
Nd5 7. c4 Nb6 8. Nc3 dxe5 9. dxe5 P@g4 10. P@f6 gxf3 11. fxe7 Qxe7 
12. B@g5 f6 13. Qxf3 Nxe5 14. Qe2 Nxd3 15. Qxd3 N@e5 16. Qg3 Nbxc4 17. Bgf4 
P@g5 18. Bxe5 Nxe5 19. N@b5 P@f4 20. Bxf4 gxf4 21. Qxf4 B@g5 22. Qa4 B@d7 
23. P@d6 cxd6 24. N@c7+ Kf7 25. Nxa8 P@f3 26. R@g3 fxg2 27. Rfe1 Bxb5 28. Nxb5 
N@f3+ 29. Kxg2 Nh4+ 30. Kh3 P@g4+ 31. Rxg4 Nxg4 32. B@h5+ B@g6 33. Nxd6+ Qxd6 
34. Qe8# 
{Fudpucker forfeits on time} 1-0

[Event "fics rated crazyhouse match"]
[Site "fics, Oklahoma City, OK USA"]
[Date "2000.10.11"]
[White "Fudpucker"]
[WhiteElo "2163"]
[Black "liveZ"]
[BlackElo "2360"]
[TimeControl "120+0"]
[Result "0-1"]

1. e4 Nf6 2. Nc3 e6 3. d4 d5 4. exd5 exd5 5. Nf3 Bb4 6. Bg5 
P@a3 7. P@d2 axb2 8. Rb1 Bxc3 9. dxc3 N@e4 10. B@d2 Bg4 11. Be2 Bxf3 
12. Bxf3 N@c4 13. Bxe4 dxe4 14. N@h5 Nxh5 15. Bxd8 Nc6 16. B@b5 Rxd8 17. Bxc4 
B@g6 18. N@h4 P@f3 19. gxf3 exf3 20. Qxf3 B@e4 21. Bxf7+ Bxf7 22. Qxe4+ P@e6 
23. P@f5 B@d5 24. fxe6 Bfxe6 25. P@f7+ Kd7 26. Qxe6+ Bxe6 27. B@b5 Q@e4+ 28. Be3 
Qxh1+ 29. B@f1 P@d2+ 30. Kxd2 N@e4+ 31. Kd1 Bg4+ 32. P@f3 Bxf3+ 33. Ke1 R@c1+ 
34. Bxc1 bxc1=Q+ 35. Rxc1 P@d2# 
{Fudpucker checkmated} 0-1

[Event "fics rated crazyhouse match"]
[Site "fics, Oklahoma City, OK USA"]
[Date "2000.10.11"]
[White "liveZ"]
[WhiteElo "2364"]
[Black "Fudpucker"]
[BlackElo "2159"]
[TimeControl "120+0"]
[Result "1-0"]

1. e4 e6 2. d4 Nc6 3. Nf3 Nf6 4. Bg5 Be7 5. Nc3 d6 6. Be2 
O-O 7. O-O h6 8. Bh4 Bd7 9. h3 Rb8 10. Qd2 Kh7 11. Rad1 a6 
12. Bd3 Nb4 13. e5+ Nxd3 14. exf6 Bxf6 15. Bxf6 Qxf6 16. Qxd3+ B@g6 17. B@e4 
B@c6 18. N@g4 Qe7 19. N@f4 Bcxe4 20. Nxe4 P@d5 21. Nxg6 fxg6 22. Ned2 B@f5 
23. Qe3 Bb5 24. B@h4 g5 25. Bxg5 hxg5 26. Nxg5+ Kh8 27. B@d3 Bbxd3 28. cxd3 
B@h6 29. P@f4 e5 30. dxe5 dxe5 31. Nxe5 d4 32. Qf3 N@h4 33. Qh5 Nxg2 
34. Kxg2 Bxd3 35. N@g6+ Kg8 36. P@h7# 
{Fudpucker checkmated} 1-0

[Event "fics rated crazyhouse match"]
[Site "fics, Oklahoma City, OK USA"]
[Date "2000.10.11"]
[White "Fudpucker"]
[WhiteElo "2155"]
[Black "liveZ"]
[BlackElo "2368"]
[TimeControl "120+0"]
[Result "0-1"]

1. e4 e6 2. d4 Nc6 3. Nf3 Nf6 4. Bd3 d6 5. e5 dxe5 6. dxe5 
Ng4 7. Qe2 Bb4+ 8. c3 Bf8 9. O-O h5 10. h3 Ngxe5 11. Nxe5 Nxe5 
12. Qxe5 P@g4 13. hxg4 hxg4 14. P@g6 P@f6 15. gxf7+ Kxf7 16. P@g6+ Ke7 17. N@f5+ 
Ke8 18. P@f7+ Kd7 19. Qd4+ P@d6 20. N@c5+ Kc6 21. Bb5+ Kxb5 22. Qa4+ Kb6 
23. Qb4+ P@b5 24. Na4+ Ka6 25. Bf4 c5 26. Qb3 B@d5 27. Qa3 N@e2# 
{Fudpucker checkmated} 0-1

[Event "fics rated crazyhouse match"]
[Site "fics, Oklahoma City, OK USA"]
[Date "2000.10.11"]
[White "liveZ"]
[WhiteElo "2372"]
[Black "Fudpucker"]
[BlackElo "2151"]
[TimeControl "120+0"]
[Result "1-0"]

1. e4 e6 2. d4 Nc6 3. Nf3 Nf6 4. Bg5 Be7 5. Nc3 d6 6. Be2 
O-O 7. O-O Bd7 8. e5 Nd5 9. Nxd5 exd5 10. Bxe7 Qxe7 11. B@h4 f6 
12. N@h5 dxe5 13. dxe5 Nxe5 14. Nxe5 Qxe5 15. Bg3 Qxb2 16. Qxd5+ B@e6 17. P@h6 
Bxd5 18. hxg7 P@h6 19. gxf8=Q+ Rxf8 20. R@g7+ Kh8 21. Rxd7 P@g7 22. P@e7 Rg8 
23. Rxd5 P@f7 24. B@d4 Qxc2 25. Bxf6 gxf6 26. P@g7+ Rxg7 27. e8=Q+ B@g8 28. Nxg7 
Kxg7 29. R@g4# 
{Fudpucker forfeits on time} 1-0